 Dungeon Crawl Stone Soup version 0.29-a0-542-g075992c915 (webtiles) character file.

Game seed: 16666784536655031829

35 xian the Slasher (level 3, -4/27 HPs)
             Began as a Demonspawn Gladiator on June 4, 2022.
             Killed by nerve-wracking pain
             ... invoked by Jessica
              (6 damage)
             ... on level 2 of the Dungeon.
             The game lasted 00:03:51 (1616 turns).

xian the Slasher (Demonspawn Gladiator)             Turns: 1616, Time: 00:03:51

Health: -4/27      AC:  4    Str: 16    XL:     3   Next: 16%
Magic:  3/3        EV: 12    Int:  9    God:
Gold:   50         SH:  0    Dex: 14    Spells: 2/2 levels left

rFire   . . .      SeeInvis .   a - +0 long sword
rCold   . . .      Faith    .   (no shield)
rNeg    . . .      Spirit   .   b - +0 leather armour
rPois   .          Reflect  .   (helmet restricted)
rElec   .          Harm     .   n - +0 cloak
rCorr   .          Rampage  .   (no gloves)
Will    .....                   (no boots)
Stlth   +.........              (no amulet)
HPRegen 0.09/turn               (no ring)
MPRegen 0.08/turn               (no ring)

@: no status effects
A: antennae 1, ignite blood 1
a: no special abilities


You were on level 2 of the Dungeon.
You visited 1 branch of the dungeon, and saw 2 of its levels.

You collected 50 gold pieces.

Inventory:

Hand Weapons
 a - a +0 long sword (weapon)
Missiles
 d - 3 throwing nets (quivered)
 e - a javelin
Armour
 b - a +0 leather armour (worn)
 c - a +0 helmet
 n - a +0 cloak (worn)
Scrolls
 f - 2 scrolls of immolation
 i - a scroll of vulnerability
 k - a scroll of noise {unknown}
 m - a scroll of teleportation
Potions
 g - a potion of brilliance {unknown}
 h - a potion of resistance {unknown}
 j - a potion of invisibility
 l - a potion of degeneration {unknown}
 o - a potion of might {unknown}


   Skills:
 + Level 2.1 Fighting
 + Level 3.4 Long Blades
 + Level 1.8 Throwing
 + Level 0.2 Armour
 + Level 3.0 Dodging
 + Level 0.3 Stealth


You had 2 spell levels left.
You didn't know any spells.
Your spell library contained the following spells:

 Spells                   Type           Power      Damage    Failure   Level
 Necrotize                Necr           0%         1d4       45%         1
 Vampiric Draining        Necr           0%         2d6       83%         3
 Agony                    Necr           0%         N/A       100%        5


Dungeon Overview and Level Annotations

Branches:
Dungeon (2/15)

Altars:

Annotations:
D:2 Jessica, Sigmund


Innate Abilities, Weirdness & Mutations

You have a pair of small antennae on your head.
Your demonic aura sometimes causes spilled blood to erupt in flames.


Message History

Things that are here:
a +0 club; a kobold corpse The adder hisses angrily.
The adder completely misses you.
You barely miss the adder. The adder bites you but does no damage.
The adder bites you.
Jessica gestures wildly while chanting.
Jessica blinks!
Sigmund the Dreaded comes into view.
He is wielding a +0 scythe of venom.
You closely miss the adder.
Sigmund shouts!
The adder bites you but does no damage. Jessica gestures at you while chanting.
You resist with some effort. The adder bites you but does no damage.
You barely miss the adder. The adder closely misses you.
Sigmund drinks a potion.
Sigmund flickers and vanishes!
Deactivating autopickup; reactivate with Ctrl-A.
Jessica points at you and mumbles some strange words.
Pain shoots through your body!
You barely miss the adder. The adder closely misses you. x2
You closely miss the adder. The adder bites you but does no damage.
Jessica hits you with a +3 dagger of speed!
Jessica hits you with a +3 dagger of speed.
* * * LOW HITPOINT WARNING * * *
The adder closely misses you. The adder attacks as you move away!
The adder bites you.
* * * LOW HITPOINT WARNING * * *
Unknown command.
You hit Jessica.
Jessica is lightly wounded.
Jessica closely misses you. Jessica barely misses you.
The adder closely misses you. Jessica attacks as you move away!
Jessica hits you but does no damage. Jessica attacks as you move away!
Jessica closely misses you. Jessica attacks as you move away!
Jessica hits you with a +3 dagger of speed.
* * * LOW HITPOINT WARNING * * *
Jessica casts a spell at you. Pain shoots through your body!
You die...

######### #.......#
#.......+ #.).....#####
####### #.S{.........
#.....# ##@###.######
######.....# #☼# ...
#..........# ###@#######
#..........# #.<........
#..........###.#.########
.........................
#..........###.#.######.#
######.....# #.#.# #.#
###+#### #.#.# ####.###
##.... #.#†# #......#
...... #.#.###....†.#


You could see an adder and Jessica.

Vanquished Creatures
  2 worms (D:2)
  3 ball pythons
  3 bats
  2 endoplasms (D:1)
  A giant cockroach (D:1)
  A goblin (D:1)
  5 hobgoblins
  2 quokkas (D:1)
  2 frilled lizards
  4 kobolds
  3 rats
28 creatures vanquished.

Notes
Turn   | Place    | Note
-------+----------+-------------------------------------------
     0 | D:1      | xian the Demonspawn Gladiator began the quest for the Orb.
     0 | D:1      | Reached XP level 1. HP: 16/16 MP: 1/1
    70 | D:1      | Gained mutation: Your demonic aura sometimes causes spilled
                  | blood to erupt in flames. [demonic ancestry]
    70 | D:1      | Reached XP level 2. HP: 6/22 MP: 2/2
  1286 | D:2      | Gained mutation: You have a pair of small antennae on your
                  | head. [demonic ancestry]
  1286 | D:2      | Reached XP level 3. HP: 24/27 MP: 3/3
  1597 | D:2      | Noticed Jessica
  1606 | D:2      | Noticed Sigmund
  1616 | D:2      | Killed from afar by Jessica

Illustrated notes

Levels and vault maps discovered:
D:1:      lightli_arrival_maybe_door_vault, layout_rooms,
          hangedman_decor_clover_reticule, grunt_decor_fettered
D:2:      layout_basic, hellmonk_ecumenical_altar_pennies_from_heaven,
          uniq_sigmund, uniq_jessica

Skill      XL: |  1  2 |
---------------+-------+-----
Long Blades    | 3 |  3.4
Dodging        | 3 |  3.0
Fighting       | |  2.1
Throwing       | |  1.8
Armour         | |  0.2
Stealth        | |  0.3

Action                   || total
-------------------------++-------
Melee: Long sword        ||    72
  Use: Scroll            ||     6
 Stab: Sleeping          ||     1
Armor: Leather armour    ||    23
Dodge: Dodged            ||    70

Table legend: (Time is in decaauts)
 A = Elapsed time spent in this place.
 B = Non-inter-level travel time spent in this place.
 C = Inter-level travel time spent in this place.
 D = Time resting spent in this place.
 E = Time spent auto-exploring this place.
 F = Levels seen in this place.
 G = Mean time per level.
                   A        B        C        D        E       F      G
               +--------+--------+--------+--------+--------+-----+--------+
         Total |   1633 |   1616 |     17 |      0 |   1080 |   2 |  816.5 |
       Dungeon |   1633 |   1616 |     17 |      0 |   1080 |   2 |  816.5 |
               +--------+--------+--------+--------+--------+-----+--------+

Top non-repeatable levels by time:
     D:1: 880 daAuts
     D:2: 752 daAuts
